 Seeded DCSS version 0.30.1-11-g7821555f0a (webtiles) character file.

Game seed: 6245884229887761738 (custom seed)

1514 Psyclone the Destroyer (level 8, 44/44 HPs)
             Began as a Deep Elf Conjurer on Nov 9, 2023.
             Was an Initiate of Gozag.
             Quit the game on level 2 of the Dungeon.
             The game lasted 00:22:48 (7693 turns).

Psyclone the Destroyer (Deep Elf Conjurer)          Turns: 7693, Time: 00:22:49

Health: 44/44      AC:  2    Str:  4    XL:     8   Next: 53%
Magic:  21/21      EV: 12    Int: 26    God:    Gozag
Gold:   819        SH:  0    Dex: 13    Spells: 11/22 levels left

rFire   . . .        x - staff of conjuration
rCold   . . .        (no shield)
rNeg    . . .        a - +0 robe
rPois   .            (helmet restricted)
rElec   .            (no cloak)
rCorr   .            (no gloves)
SInv    .            (no boots)
Will    .....        (no amulet)
Stlth   ++           (no ring)
HPRegen 0.27/turn    (no ring)
MPRegen 0.17/turn

%: no passive effects
@: no status effects
A: horns 1, inhibited regeneration
a: Renounce Religion, Potion Petition, Call Merchant, Bribe Branch


You were on level 2 of the Dungeon.
You worshipped Gozag.
Gozag was pleased with you.
You visited 1 branch of the dungeon, and saw 5 of its levels.
You also visited: Sewer.

You collected 819 gold pieces.

Inventory:

Hand Weapons
 e - a +3 dagger of venom
Armour
 a - a +0 robe (worn)
 g - a +2 helmet of intelligence
Magical Staves
 x - a staff of conjuration (weapon)
Jewellery
 c - an amulet of magic regeneration
Wands
 i - a wand of flame (14)
 s - a wand of charming (3)
 t - a wand of mindburst (8)
 w - a wand of light (11)
Scrolls
 d - a scroll of identify {@r1}
 f - a scroll of immolation
 h - 5 scrolls of teleportation
 k - a scroll of silence {!r}
 l - a scroll of fog
 o - a scroll of blinking
 q - a scroll of poison
 v - 2 scrolls of amnesia
Potions
 b - 2 potions of magic
 j - 2 potions of curing
 m - 3 potions of mutation
 n - 2 potions of brilliance
 p - a potion of invisibility
 r - 2 potions of degeneration {unknown}
 u - a potion of berserk rage


   Skills:
 + Level 1.6 Fighting
 - Level 2.4 Dodging
 - Level 2.4 Stealth
 + Level 7.7 Spellcasting
 + Level 9.3 Conjurations
 - Level 6.0 Hexes


You had 11 spell levels left.
You knew the following spells:

 Your Spells              Type           Power      Damage    Failure   Level
a - Magic Dart            Conj           100%       1d8       1%          1
b - Searing Ray           Conj           100%       2d8       1%          2
d - Fulminant Prism       Conj/Hex       33%        3d16      2%          4
e - Iskenderun's Mystic   Conj/Tloc      51%        2d11      9%          4

Your spell library contained the following spells:

 Spells                   Type           Power      Damage    Failure   Level
 Dazzling Flash           Conj/Hex       100%       N/A       1%          3
 Stone Arrow              Conj/Erth      100%       3d13      2%          3
 Summon Guardian Golem    Hex/Summ       25%        N/A       4%          3
 Sandblast                Erth           20%        2d7       6%          1
 Summon Small Mammal      Summ           40%        N/A       6%          1
 Passwall                 Tmut/Erth      8%         N/A       9%          2
 Call Canine Familiar     Summ           10%        N/A       17%         3
 Volatile Blastmotes      Fire/Tloc      20%        2d11      17%         3
 Silence                  Hex/Air        12%        N/A       43%         5
 Passage of Golubria      Tloc           10%        N/A       50%         4
 Lee's Rapid Deconstruct  Erth           5%         3d6*      85%         5
 Lehudib's Crystal Spear  Conj/Erth      25%        10d7      100%        8


Dungeon Overview and Level Annotations

Branches:
Dungeon (5/15) Zot: 22383  Temple (0/1) D:4           Sewer (visited)

Altars:
Elyvilon
Gozag
Hepliaklqana
Ru


Innate Abilities, Weirdness & Mutations

You have a pair of small horns on your head.
You do not regenerate when monsters are visible.


Message History

You see here a scroll labelled NANWAHIRGHU.
x - a scroll labelled NANWAHIRGHU This is a scroll of acquirement!
Something appears at your feet!
Your +3 dagger of venom stops dripping with poison.
x - a staff of conjuration (weapon)
You see here 8 gold pieces.
There is a stone staircase leading up here.
You climb upwards.
There is a stone staircase leading down here.
There is a stone staircase leading up here.
You climb upwards.
There is a stone staircase leading down here.
Things that are here:
a +0 robe; a +0 long sword
Things that are here:
a +0 robe; a +0 mace
Things that are here:
a +0 scale mail; a +0 hand axe
There is a stone staircase leading up here.
You climb upwards.
There is a stone staircase leading down here.
There is a stone staircase leading up here.
You climb upwards.
There is a stone staircase leading down here.
You climb downwards.
There is a stone staircase leading up here.
You climb upwards.
There is a stone staircase leading down here.
You see here a +0 sling.
Things that are here:
2 stones; a +0 whip
There is a stone staircase leading down here.
You climb downwards.
There is a stone staircase leading up here.
You see here 6 stones.
You see here a +0 short sword.
There is a stone staircase leading down here.
Unknown command.
Unknown command.
Are you sure you want to abandon this character and quit the game? (Confirm with "yes".)

..###.#
#.......#.......###..
#.....#
#.......#.###.)#.#)#.
#.###.#
#....)..#............ #.#
#.# ###...###########.###
#.###.# #...#### #.......
......# ##...##.## #.##.##.
#######
####.#.#..#.####.##^##. #
######......#.###...#.##....
#
#..........@#..#.##.#.#####.
#
#.####.......##.###.#.......
#.####.>......<.# #.########
#...##.####.#######.###
###)##.####.# #.....#
#.##......# #.###.#
#.#######.### #.# #.#
####.#####.....# #.###.#
#....(..##.....# #.....#


There were no monsters in sight!

Vanquished Creatures
  Prince Ribbit (D:5)
  A black bear (D:5)
  3 ice beasts (D:5)
  An ogre (D:5)
  A phantom (D:5)
  2 scorpions
  4 wights (D:3)
  An orc priest (D:2)
  A hound (D:3)
  A jelly (D:5)
  2 sleepcaps
  Natasha (thrice) (D:2)
  A hell rat (Sewer)
  Ijyb (D:4)
  Terence (D:3)
  3 gnolls (D:2)
  5 adders
  An ufetubus (D:5)
  A worm (D:3)
  A dart slug (D:2)
  5 orcs
  5 bats
  9 endoplasms
  A giant cockroach (D:2)
  9 hobgoblins
  6 jackals (D:3)
  13 quokkas
  13 ball pythons
  11 goblins
  5 kobolds
  7 rats
119 creatures vanquished.

Notes
Turn   | Place    | Note
-------+----------+-------------------------------------------
     0 | D:1      | Psyclone the Deep Elf Conjurer began the quest for the Orb.
     0 | D:1      | Reached XP level 1. HP: 10/10 MP: 6/6
   122 | D:1      | Found a faded altar of an unknown god.
   138 | D:1      | Prayed at the altar of an unknown god.
   138 | D:1      | Became a worshipper of Gozag Ym Sagoz the Greedy
   154 | D:1      | Reached XP level 2. HP: 15/15 MP: 2/8
   370 | D:1      | Reached skill level 5 in Conjurations
   619 | D:1      | Learned a level 2 spell: Searing Ray
  1146 | D:2      | Reached XP level 3. HP: 19/19 MP: 8/10
  1358 | D:2      | Reached XP level 4. HP: 19/24 MP: 1/12
  1753 | D:2      | Reached skill level 6 in Conjurations
  2076 | D:2      | Noticed Natasha
  2081 | D:2      | Killed Natasha
  2082 | D:2      | Reached XP level 5. HP: 13/28 MP: 8/14
  2217 | D:2      | Noticed Natasha
  2221 | D:2      | Killed Natasha
  2644 | D:2      | Noticed Natasha
  2649 | D:2      | Killed Natasha
  2650 | D:2      | Reached skill level 5 in Spellcasting
  3211 | D:3      | Noticed Terence
  3214 | D:3      | Killed Terence
  3222 | D:3      | Found a sacrificial altar of Ru.
  3259 | D:3      | Reached skill level 7 in Conjurations
  3259 | D:3      | Reached XP level 6. HP: 32/32 MP: 4/16
  3479 | D:3      | Found a glowing drain.
  3564 | Sewer    | Entered a sewer
  3652 | Sewer    | Gained mutation: You do not regenerate when monsters are
                  | visible. [potion of mutation]
  3652 | Sewer    | Gained mutation: You are dopey. (Int -2) [potion of
                  | mutation]
  3652 | Sewer    | Lost mutation: You are dopey. (Int -2) [potion of mutation]
  3652 | Sewer    | Gained mutation: You have a pair of small horns on your
                  | head. [potion of mutation]
  3820 | D:3      | Reached skill level 8 in Conjurations
  3837 | D:3      | Reached XP level 7. HP: 11/36 MP: 4/18
  4011 | D:3      | Identified the +6 spear of Dishonour {freeze, rPois Str+2
                  | Int-4 Dex+3}
  4178 | D:3      | Found a hazy altar of Hepliaklqana.
  4272 | D:3      | Found a white marble altar of Elyvilon.
  4846 | D:4      | Found a staircase to the Ecumenical Temple.
  5296 | D:4      | Noticed Ijyb
  5298 | D:4      | Killed Ijyb
  5941 | D:5      | Entered Level 5 of the Dungeon
  6026 | D:5      | Reached skill level 9 in Conjurations
  6032 | D:5      | Learned a level 4 spell: Fulminant Prism
  6037 | D:5      | Learned a level 4 spell: Iskenderun's Mystic Blast
  6197 | D:5      | Noticed Prince Ribbit
  6207 | D:5      | Killed Prince Ribbit
  6208 | D:5      | Reached XP level 8. HP: 27/41 MP: 8/20
  6341 | D:5      | Reached skill level 5 in Hexes
  6715 | D:5      | Reached skill level 1 in Fighting
  7421 | D:5      | Identified a scroll of acquirement
  7421 | D:5      | Acquired a staff of conjuration
  7693 | D:2      | Quit the game

Illustrated notes

Levels and vault maps discovered:
D:1:      dpeg_arrival_arbitrary_a, layout_rooms,
          shapermc_ecumenical_altar_mp_highgroup, hangedman_abyss_or_decor_stabs
D:2:      layout_loops_cross, uniq_natasha
D:3:      layout_basic, nicolae_hepliaklqana_hazy_memory,
          nicolae_elyvilon_temple_path, mainiacjoe_overflow_small_starburst,
          gup_sewer_entry_pipe, dreamdust_princess_bridge, st_stairs_12,
          uniq_terence
D:4:      layout_basic, temple_pool_b, grunt_ministairs_10, uniq_ijyb
D:5:      layout_layer_cave, uniq_prince_ribbit1

Skill      XL: |  1  2  3  4  5  6  7  8 |
---------------+-------------------------+-----
Conjurations   | 5 6 7 8 9 |  9.3
Spellcasting   | 4 5 6 7 |  7.7
Hexes          | 4 6 |  6.0
Fighting       | 1 |  1.6
Dodging        | |  2.4
Stealth        | |  2.4

Action                     |  1- 3 |  4- 6 |  7- 9 || total
---------------------------+-------+-------+-------++-------
  Melee: Dagger            |     1 |     1 |       ||     2
   Cast: Magic Dart        |    56 |    66 |    78 ||   200
         Searing Ray       |     1 |    14 |    19 ||    34
    Use: Scroll            |     1 |     5 |     8 ||    14
         Potion            |     1 |     1 |     2 ||     4
 Armour: Robe              |     1 |     1 |     2 ||     4
  Dodge: Dodged            |     6 |     7 |    11 ||    24
